AoeStats
← argentineau

Black Forest

510802416Analyzed
4v4 RM · 11h ago on Oct 2, 2026· 66m 37s· 8 players
Game mode
Random Map
Map size
Large (8 player)
Population
200
Speed
Normal
Resources
Standard
Victory
Conquest
Starting age
Dark Age
Ending age
Imperial Age
RankedLock teamsTeams togetherTeam positionsShared explorationLock speedFull tech treeHidden civsTurbo modeCheats
Victory
Defeat
🇬🇧 Italians · United Kingdom
1054
+14
🇲🇽 Huns · Mexico
1051
+14
🇬🇧 Japanese · United Kingdom
1048
+14
🇺🇸 Saxons · United States
1021
+15
🇫🇷 Malay · France
1056
-15
🇨🇳 Mongols · China
1012
-15
🇦🇷 Franks · Argentina
997
-14
🇨🇳 Spanish · China
983
-13
mrbubbles019
10:54 Feudal Age
15:14 Castle Age
13:10 Horse Collar
16:12 Wheelbarrow
15:41 Double-Bit Axe
16:57 Bow Saw
19:43 Loom
19:52 Town Watch
28:30 Fortified Wall
32:36 Imperial Age
30:10 Fletching
30:20 Padded Archer Armor
31:03 Ballistics
30:46 Bodkin Arrow
30:12 Crossbowman
31:35 Thumb Ring
32:11 Leather Archer Armor
32:12 Gold Mining
33:08 Hand Cart
34:20 Chemistry
33:22 Bracer
33:52 Ring Archer Armor
34:42 Two-Man Saw
34:05 Arbalester
35:34 Heavy Plow
38:18 Gold Shaft Mining
38:00 Man-at-Arms
38:28 Gambesons
38:44 Squires
38:30 Arson
38:32 Pikeman
39:36 Clerical Recruitment
40:33 Redemption
40:41 Block Printing
41:47 Siege Engineers
43:48 Masonry
45:39 Architecture
45:46 Hoardings
47:34 Theocracy
47:27 Sanctity
47:08 Devotion
47:34 Illumination
47:05 Herbal Medicine
46:55 Halberdier
47:00 Shield Wall
49:26 Forging
49:17 Scale Mail Armor
51:31 Elite Hearth Troop
52:24 Elite Skirmisher
54:24 Iron Casting
54:04 Chain Mail Armor
57:22 Plate Mail Armor
60:33 Caravan
64:40 Plate Mail Armor
Elma Kanon
5:56 Loom
11:22 Feudal Age
15:38 Castle Age
14:35 Double-Bit Axe
22:05 Fishing Lines
22:51 Bow Saw
23:21 Gillnets
24:04 Gold Mining
29:20 Imperial Age
27:31 Gold Shaft Mining
27:15 Stone Mining
28:05 Horse Collar
29:21 Wheelbarrow
28:58 Forging
29:44 Heavy Plow
31:10 Two-Man Saw
30:38 Scale Barding Armor
30:47 Bloodlines
30:39 Husbandry
32:00 Iron Casting
32:55 Hand Cart
34:09 Blast Furnace
35:31 Chain Barding Armor
36:37 Chemistry
37:05 Plate Barding Armor
36:41 Elite Tarkan
37:29 Marauders
36:50 Elite Tarkan
37:50 Conscription
49:38 Scale Mail Armor
52:49 Ballistics
52:35 Padded Archer Armor
52:26 Elite Skirmisher
53:49 Parthian Tactics
53:17 Fletching
54:06 Thumb Ring
55:20 Leather Archer Armor
55:58 Bodkin Arrow
Yogensya7784
3:14 Loom
11:05 Feudal Age
17:19 Castle Age
18:11 Fletching
18:22 Padded Archer Armor
18:07 Horse Collar
18:15 Double-Bit Axe
18:25 Gold Mining
18:27 Stone Mining
25:03 Bodkin Arrow
31:45 Leather Archer Armor
33:22 Wheelbarrow
33:20 Ballistics
38:55 Caravan
41:22 Hand Cart
40:58 Town Watch
46:14 Silk Road
50:51 Imperial Age
48:36 Masonry
51:02 Elite Genoese Crossbowman
52:05 Conscription
52:23 Ring Archer Armor
51:54 Bracer
53:08 Chemistry
58:31 Capped Ram
65:48 Hoardings
House of Bebu
12:30 Feudal Age
10:51 Loom
18:23 Castle Age
16:18 Double-Bit Axe
19:32 Bow Saw
20:43 Fishing Lines
23:02 Gillnets
26:17 Forging
26:07 Scale Mail Armor
26:28 Horse Collar
27:16 Heavy Plow
29:58 Iron Casting
29:23 Scale Mail Armor
31:19 Gold Mining
31:19 Stone Mining
34:04 Imperial Age
32:09 Wheelbarrow
31:20 Town Watch
33:21 Squires
33:08 Arson
34:14 Gold Shaft Mining
34:12 Chain Mail Armor
34:24 Elite Samurai
35:27 Conscription
36:12 Blast Furnace
35:43 Plate Mail Armor
36:19 Two-Man Saw
36:10 Kataparuto
36:16 Fletching
36:43 Hand Cart
36:29 Town Patrol
38:45 Sanctity
38:26 Devotion
38:37 Redemption
38:29 Atonement
38:55 Illumination
38:43 Fervor
39:41 Theocracy
39:01 Herbal Medicine
41:34 Faith
41:32 Block Printing
42:46 Hoardings
zhuizhui
9:06 Loom
11:31 Feudal Age
17:05 Castle Age
15:21 Double-Bit Axe
15:46 Horse Collar
17:27 Stone Mining
17:32 Gold Mining
18:52 Wheelbarrow
18:37 Heavy Plow
18:56 Bow Saw
20:21 Heavy Plow
30:25 Bloodlines
30:15 Husbandry
35:42 Imperial Age
33:44 Ballistics
33:18 Fletching
33:28 Padded Archer Armor
33:21 Town Watch
33:53 Hand Cart
33:24 Town Watch
33:58 Caravan
34:13 Thumb Ring
35:36 Bodkin Arrow
35:56 Leather Archer Armor
35:47 Town Patrol
38:05 Conscription
37:12 Elite Mangudai
37:16 Onager
38:18 Drill
38:24 Drill
38:45 Gold Shaft Mining
39:13 Chemistry
38:36 Murder Holes
38:52 Masonry
38:52 Siege Engineers
38:59 Masonry
39:14 Bracer
39:27 Husbandry
39:25 Pikeman
40:07 Squires
40:11 Nomads
40:49 Hoardings
39:53 Light Cavalry
41:07 Forging
41:02 Scale Barding Armor
40:28 Siege Onager
46:01 Fortified Wall
46:32 Iron Casting
46:18 Chain Barding Armor
53:18 Hussar
55:31 Devotion
严的老爹
5:24 Loom
13:56 Feudal Age
18:38 Castle Age
17:32 Fishing Lines
19:06 Double-Bit Axe
19:16 Gold Mining
19:20 Gillnets
20:36 Bow Saw
25:14 Gillnets
27:34 Town Watch
30:09 Wheelbarrow
30:04 Caravan
30:20 Town Patrol
33:24 Imperial Age
31:01 Stone Mining
31:47 Hand Cart
33:23 Stone Shaft Mining
34:07 Padded Archer Armor
33:58 Fletching
34:19 Forging
34:36 Guilds
37:03 Bloodlines
36:54 Husbandry
36:54 Bodkin Arrow
37:16 Leather Archer Armor
37:38 Iron Casting
37:10 Scale Barding Armor
37:17 Masonry
38:10 Chemistry
37:31 Ballistics
37:39 Conscription
39:00 Ring Archer Armor
38:31 Bracer
39:33 Blast Furnace
38:35 Scale Mail Armor
39:05 Chain Barding Armor
40:04 Elite Conquistador
40:25 Light Cavalry
42:03 Hussar
43:28 Pikeman
44:10 Squires
44:50 Hoardings
44:56 Halberdier
48:58 Plate Barding Armor
48:40 Chain Mail Armor
50:00 Architecture
50:10 Arrowslits
50:24 Murder Holes
53:51 Gambesons
elromanus
4:54 Loom
11:40 Feudal Age
11:53 Double-Bit Axe
18:35 Castle Age
16:52 Fishing Lines
17:45 Gold Mining
18:51 Bow Saw
18:43 Stone Mining
19:20 Gillnets
20:34 Gold Shaft Mining
21:43 Wheelbarrow
22:54 Forging
22:50 Scale Barding Armor
27:21 Husbandry
28:31 Iron Casting
31:59 Imperial Age
30:38 Caravan
31:08 Coinage
32:25 Blast Furnace
31:06 Elite Battle Elephant
32:31 Guilds
34:09 Banking
argentineau
0:27 Loom
15:43 Feudal Age
16:23 Double-Bit Axe
19:35 Wheelbarrow
19:28 Forging
19:23 Scale Barding Armor
28:30 Castle Age
27:50 Padded Archer Armor
32:12 Bow Saw
33:14 Elite Skirmisher
37:49 Hand Cart
Connection lost

Rejoining the realm…

Still unreachable

The connection could not be restored.

Session expired

The server has moved on; the page needs a fresh start.